Map: Persephone LE

Players

amgine

  • Race: Zerg Zerg
  • League: Diamond
  • Spawn Location: 11:00

LemonMoose - Winner!

  • Race: Terran Terran
  • Spawn Location: 7:00

VOD

Have the link to the VOD?

Description

Time

  • Played on: Oct. 26, 2025, 11:22 p.m.
  • Length: 37:52
Show
View Real Time Build Order
Export as new Build Order

amgine Zerg 

Build Orders: Hatch First, Lurkers 

Get SALT Encoding   

  12  0:00  Drone  
  13  0:13  Overlord  
  13  0:16  Drone  
  14  0:31  Drone x2  
  16  0:49  Hatchery  
  15  0:51  Drone  
  15  0:54  Drone  
  17  0:59  Drone  
  18  1:08  Extractor  
  17  1:15  Spawning Pool  
  17  1:17  Drone  
  17  1:21  Drone  
  18  1:29  Drone  
  19  1:40  Drone  
  20  1:50  Drone  
  21  2:02  Zergling x4, Queen  
  21  2:03  Queen  
  27  2:17  Hatchery  
  26  2:27  Overlord, Metabolic Boost  
  25  2:31  Drone  
  25  2:35  Drone  
  27  2:38  Drone  
  27  2:48  Drone x2  
  27  2:50  Drone  
  27  2:51  Overlord  
  30  2:55  Drone  
  31  2:59  Queen  
  31  3:01  Drone  
  34  3:08  Drone  
  34  3:11  Queen  
  37  3:16  Drone  
  37  3:18  Drone x2  
  40  3:20  Overlord  
  40  3:23  Overlord  
  40  3:26  Drone  
  41  3:28  Drone  
  41  3:29  Drone  
  43  3:38  Spore Crawler  
  43  3:39  Drone  
  43  3:41  Drone x2  
  43  3:47  Overlord  
  45  3:49  Drone x2  
  45  3:52  Drone x2  
  45  3:53  Overlord, Drone  
  51  3:58  Drone x2  
  51  4:00  Queen  
  55  4:04  Drone  
  56  4:10  Drone x2  
  56  4:11  Queen  
  56  4:13  Drone x2  
  56  4:17  Drone  
  63  4:23  Drone x3  
  66  4:29  Baneling Nest, Drone  
  66  4:31  Evolution Chamber  
  65  4:34  Zergling x4, Drone  
  65  4:35  Zergling x2  
  65  4:38  Queen  
  73  4:43  Zergling x4  
  73  4:44  Zergling x2  
  73  4:45  Zergling x2  
  75  4:50  Overlord  
  75  4:51  Zergling x2, Hatchery  
  75  4:59  Zergling x2  
  77  5:00  Zergling x8  
  77  5:04  Zergling x2  
  77  5:06  Overlord  
  81  5:11  Zergling x6  
  81  5:12  Zergling x2  
  85  5:20  Extractor  
  82  5:26  Zergling x6  
  77  5:32  Zergling x4  
  77  5:33  Zergling x6  
  75  5:41  Zergling x6  
  73  5:47  Zergling x4  
  73  5:49  Overlord  
  67  5:50  Zergling x2  
  63  5:57  Drone x3  
  63  5:59  Lair  
  63  6:01  Zerg Ground Armor Level 1  
  63  6:03  Drone x6  
  71  6:05  Drone  
  71  6:07  Extractor x2  
  70  6:13  Drone  
  70  6:14  Drone  
  70  6:16  Drone  
  70  6:17  Extractor  
  72  6:23  Drone  
  73  6:27  Drone x3  
  77  6:32  Drone  
  77  6:33  Drone x2  
  77  6:34  Queen  
  77  6:38  Zergling x4  
  83  6:40  Drone  
  84  6:50  Drone  
  84  6:51  Drone x2  
  86  6:57  Drone  
  86  6:59  Drone  
  88  7:03  Hydralisk Den  
  88  7:04  Drone x3  
  88  7:07  Drone x2  
  88  7:08  Overlord, Drone  
  93  7:13  Centrifugal Hooks, Drone x2  
  93  7:14  Drone x3  
  98  7:19  Drone x4  
  98  7:20  Infestation Pit, Drone x2  
  98  7:22  Hydralisk Den  
  99  7:25  Zergling x2  
  98  7:31  Zergling x8  
  98  7:32  Zergling x2  
  98  7:36  Hydralisk, Grooved Spines  
  105  7:40  Overlord  
  105  7:45  Drone  
  105  7:48  Drone x2  
  105  7:50  Drone x3  
  105  7:51  Extractor  
  110  7:54  Baneling  
  110  7:55  Zerg Melee Weapons Level 1, Baneling x9, Overlord  
  110  7:57  Drone x2  
  112  7:59  Extractor  
  112  8:01  Extractor  
  110  8:06  Spore Crawler  
  110  8:08  Spore Crawler  
  110  8:10  Zergling x10  
  110  8:11  Zergling x10  
  110  8:12  Overlord  
  118  8:15  Hydralisk x3  
  124  8:21  Infestor  
  124  8:23  Zergling x4  
  128  8:28  Muscular Augments  
  128  8:30  Queen  
  128  8:33  Drone x2  
  128  8:34  Queen, Drone x2  
  134  8:38  Zergling x2  
  136  8:43  Overlord  
  136  8:48  Zergling x2, Overlord x3  
  135  8:49  Hatchery, Overlord  
  135  8:54  Hydralisk x2  
  120  8:57  Hydralisk  
  120  8:58  Zergling x2  
  120  9:00  Baneling x3  
  120  9:02  Zergling x4  
  123  9:03  Zergling x2  
  123  9:04  Zergling x4  
  123  9:07  Baneling x2  
  123  9:08  Zergling x8  
  127  9:11  Hydralisk  
  127  9:15  Zergling x4  
  131  9:21  Zergling x2  
  131  9:24  Hive  
  132  9:26  Baneling x2  
  132  9:27  Baneling x14  
  132  9:28  Zergling x2  
  132  9:29  Zergling x4, Hydralisk x2  
  132  9:30  Hatchery  
  138  9:33  Zergling x2  
  138  9:34  Hydralisk  
  138  9:37  Hatchery  
  140  9:40  Hydralisk  
  140  9:42  Hydralisk  
  140  9:44  Hydralisk  
  146  9:46  Pneumatized Carapace  
  146  9:52  Hydralisk, Extractor x2  
  144  9:53  Hydralisk  
  144  9:55  Hydralisk  
  148  10:00  Zergling x2  
  148  10:01  Zergling x6, Queen  
  148  10:07  Zergling x2  
  155  10:11  Hydralisk  
  155  10:12  Spore Crawler, Spine Crawler  
  155  10:13  Spore Crawler  
  154  10:14  Hydralisk  
  154  10:17  Baneling  
  154  10:18  Zergling x2, Baneling x8  
  154  10:19  Zerg Melee Weapons Level 2  
  157  10:23  Zergling x2  
  157  10:24  Zergling x2  
  157  10:25  Evolution Chamber  
  148  10:36  Hydralisk  
  148  10:37  Hydralisk  
  148  10:39  Extractor  
  148  10:40  Zergling x6  
  148  10:46  Zergling x4, Overlord  
  150  10:51  Zerg Ground Armor Level 2  
  150  10:52  Lurker Den  
  150  10:53  Zergling x2  
  150  10:59  Drone x5  
  150  11:00  Drone x3  
  158  11:12  Spine Crawler  
  158  11:13  Spine Crawler, Overlord, Drone  
  158  11:14  Drone  
  158  11:19  Overlord x2  
  158  11:21  Zergling x2  
  159  11:27  Zergling x4  
  159  11:29  Baneling  
  159  11:30  Baneling x22  
  159  11:31  Zergling x2, Baneling x9  
  159  11:32  Zergling x14  
  169  11:33  Zergling x8  
  173  11:40  Extractor  
  173  11:41  Zergling x6, Extractor  
  173  11:42  Zergling x4  
  176  11:52  Overlord  
  176  11:53  Zergling x6, Hatchery  
  157  12:09  Zergling x20  
  157  12:10  Drone x2  
  157  12:11  Drone  
  170  12:17  Zergling x2  
  170  12:20  Overlord  
  171  12:23  Baneling x6  
  171  12:24  Baneling x24  
  171  12:32  Drone x3  
  174  12:41  Zergling x2, Overlord  
  174  12:42  Hatchery  
  159  12:51  Overlord  
  159  12:53  Zergling x2, Overlord  
  159  12:54  Zergling x2, Drone x2  
  159  12:55  Drone x2  
  164  13:22  Infestor x2  
  167  13:30  Lurker  
  167  13:31  Lurker x12  
  167  13:33  Zergling x26  
  193  13:38  Overlord  
  187  13:46  Overlord, Drone  
  187  13:47  Drone x2  
  190  13:56  Hatchery  
  173  14:10  Overlord  
  173  14:21  Overlord  
  173  14:22  Overlord  
  173  14:23  Overlord  
  173  14:31  Overlord  
  172  14:44  Hatchery, Seismic Spines  
  171  14:45  Zerg Ground Armor Level 3, Zerg Missile Weapons Level 1  
  171  14:47  Adrenal Glands  
  171  14:49  Extractor  
  171  14:51  Zergling x24  
  171  14:52  Ultralisk Cavern  
  178  15:09  Overlord  
  151  15:23  Baneling  
  151  15:24  Baneling x14, Drone  
  151  15:26  Drone x5  
  151  15:27  Drone x5  
  153  15:32  Drone  
  151  15:37  Hydralisk x2  
  151  15:39  Chitinous Plating  
  151  15:41  Zergling x2, Adaptive Talons  
  150  15:43  Spire  
  150  15:48  Ultralisk x2  
  161  15:53  Zergling x4  
  161  15:54  Zergling x4  
  165  15:58  Baneling  
  165  15:59  Baneling x8, Hydralisk x6  
  165  16:01  Zergling x2  
  165  16:03  Hatchery  
  177  16:14  Ultralisk x2  
  177  16:15  Zergling x6  
  192  16:19  Lurker  
  192  16:21  Ultralisk  
  192  16:25  Lurker  
  199  16:29  Queen  
  199  16:34  Extractor  
  199  16:39  Lurker  
  199  16:51  Hatchery  
  196  17:07  Ultralisk x2  
  196  17:08  Zergling x6  
  198  17:09  Zergling x2  
  195  17:23  Zerg Melee Weapons Level 3  
  195  17:26  Ultralisk  
  195  17:36  Lurker  
  195  17:37  Lurker x3  
  195  17:48  Hydralisk x2  
  195  17:50  Zerg Flyer Weapons Level 1  
  191  18:02  Ultralisk x2  
  191  18:03  Zergling x8, Ultralisk  
  179  18:05  Hydralisk  
  179  18:07  Zergling x10, Overlord  
  179  18:09  Hydralisk x3  
  179  18:10  Overlord  
  179  18:11  Drone  
  179  18:12  Zergling x2  
  170  18:13  Zergling x22  
  187  18:27  Ultralisk  
  187  18:28  Anabolic Synthesis  
  187  18:32  Lurker x3  
  190  18:37  Ultralisk, Extractor x2  
  190  18:38  Drone x3  
  197  18:42  Corruptor  
  197  18:45  Drone  
  200  18:51  Spore Crawler  
  200  18:52  Drone  
  200  18:53  Spore Crawler  
  199  18:58  Spore Crawler  
  199  19:02  Hydralisk x2  
  199  19:18  Zergling x2  
  200  19:33  Hydralisk x2  
  200  19:35  Corruptor  
  200  19:36  Corruptor  
  200  19:37  Corruptor x2  
  200  19:45  Overlord  
  196  19:53  Corruptor x2  
  196  19:54  Overlord  
  196  19:56  Drone  
  196  19:57  Drone  
  198  20:04  Corruptor x2  
  196  20:17  Zerg Missile Weapons Level 2  
  196  20:21  Ultralisk  
  199  20:27  Zergling x8  
  199  20:28  Zergling x12  
  186  20:29  Zergling x18  
  185  20:49  Ultralisk, Corruptor x3  
  189  20:50  Corruptor  
  197  20:57  Drone x2  
  199  21:06  Spine Crawler  
  199  21:07  Spine Crawler  
  199  21:08  Spore Crawler x2  
  199  21:10  Spine Crawler  
  194  21:12  Zergling x4  
  179  21:33  Zergling x2  
  179  21:34  Zergling x34  
  179  21:44  Ultralisk  
  173  21:51  Ultralisk  
  173  21:52  Zergling x2, Ultralisk  
  172  21:58  Ultralisk x2  
  172  21:59  Zergling x4  
  172  22:01  Lurker  
  183  22:07  Ultralisk  
  183  22:08  Zergling x6  
  192  22:18  Hatchery  
  192  22:19  Hydralisk x2  
  192  22:20  Overlord  
  176  22:40  Zergling x4  
  176  22:42  Zergling x10  
  161  22:46  Zergling x2  
  161  22:47  Zergling x8  
  166  22:52  Zergling x2  
  166  22:53  Zergling x4, Lurker, Hydralisk x2  
  166  22:55  Hydralisk x2, Overlord  
  178  22:58  Swarm Host  
  178  22:59  Infestor  
  182  23:17  Ultralisk  
  182  23:20  Baneling  
  182  23:21  Baneling x24  
  182  23:22  Baneling x10  
  182  23:25  Overseer x2  
  182  23:26  Overlord  
  177  23:27  Zergling x6  
  177  23:29  Overlord  
  178  23:34  Lurker  
  178  23:37  Zergling x4  
  178  23:38  Zergling x14  
  178  23:39  Zergling x2, Overlord  
  189  23:42  Overlord  
  189  23:49  Ultralisk  
  189  23:52  Zergling x6  
  194  24:01  Viper  
  197  24:07  Baneling x2  
  197  24:14  Baneling  
  197  24:15  Baneling x20  
  197  24:16  Baneling x2  
  179  24:35  Ultralisk, Queen  
  179  24:36  Ultralisk x2  
  156  24:43  Ultralisk x4  
  156  24:44  Zergling x24  
  156  24:45  Zergling x24  
  185  24:55  Zergling x6  
  194  25:00  Ultralisk x2  
  194  25:06  Extractor x2  
  191  25:17  Baneling  
  191  25:18  Baneling x26  
  191  25:19  Baneling, Queen  
  191  25:20  Drone  
  191  25:21  Drone  
  195  25:26  Infestor x2  
  199  25:33  Overlord  
  199  25:42  Drone  
  200  25:55  Zergling x4  
  198  26:01  Baneling  
  198  26:02  Baneling x13  
  198  26:03  Overlord  
  198  26:05  Zerg Missile Weapons Level 3  
  198  26:14  Zerg Flyer Weapons Level 2, Corruptor  
  198  26:33  Overseer  
  198  26:34  Overseer x5  
  198  26:35  Overseer x4  
  184  27:01  Zergling x10  
  176  27:04  Infestor x3  
  184  27:21  Zergling x4  
  186  27:28  Ultralisk  
  192  27:36  Ultralisk  
  198  27:37  Zergling x4  
  197  27:52  Burrow  
  197  27:53  Zergling x4  
  199  28:43  Zergling x2, Hydralisk  
  198  29:01  Infestor  
  198  29:02  Infestor  
  195  29:37  Infestor x3  
  195  29:39  Infestor x3  
  195  29:43  Baneling x7  
  195  29:44  Baneling x5  
  195  29:48  Infestor  
  195  30:05  Ultralisk  
  194  30:28  Ultralisk  
  192  30:33  Ultralisk  
  198  30:37  Drone x2  
  199  31:02  Zergling x2  
  183  31:27  Infestor  
  183  31:28  Infestor x2  
  183  31:30  Mutalisk, Ultralisk x3  
  183  31:31  Zergling x4  
  183  31:32  Zergling x2  
  180  31:33  Corruptor  
  180  31:34  Corruptor x2  
  180  31:36  Ultralisk x2  
  180  31:38  Zergling x6, Ultralisk x2  
  180  31:39  Zergling x6  
  182  31:41  Ultralisk  
  182  31:42  Corruptor x5  
  182  31:43  Corruptor x2  
  187  31:52  Zergling x6  
  187  31:53  Zergling x12  
  196  31:57  Zergling x4  
  198  32:03  Greater Spire  
  197  32:14  Baneling x10  
  197  32:15  Baneling x7  
  175  32:22  Zergling x6  
  169  32:23  Zergling x30  
  174  32:39  Zergling x2  
  174  32:40  Zergling x10  
  179  32:53  Ultralisk  
  179  32:55  Zergling x8  
  189  32:59  Baneling  
  189  33:00  Baneling x23  
  189  33:01  Baneling x5  
  189  33:05  Zergling x8, Ultralisk  
  198  33:06  Zergling x2  
  138  33:30  Ultralisk x3  
  138  33:31  Zergling x6  
  138  33:33  Zergling x2, Ultralisk x2  
  147  33:34  Zergling x16  
  147  33:38  Ultralisk  
  140  33:49  Zergling x2, Ultralisk  
  140  33:55  Baneling x2  
  147  33:56  Zergling x8, Baneling x2  
  147  33:57  Zergling x4  
  144  34:03  Zergling x8  
  144  34:04  Zergling x4  
  144  34:09  Hydralisk x3  
  149  34:11  Zergling x2  
  149  34:14  Zergling x4, Hydralisk x2  
  152  34:21  Zergling x4  
  153  34:25  Zergling x4  
  154  34:34  Hydralisk  
  154  34:35  Zergling x2  
  154  34:36  Zergling x4  
  154  34:37  Baneling  
  154  34:38  Baneling x6  
  159  34:39  Zergling x4  
  159  34:41  Zergling x2  
  159  34:42  Zergling x4  
  129  35:01  Ultralisk  
  129  35:02  Zergling x6  
  129  35:05  Zergling x8  
  129  35:06  Zergling x4  
  106  35:10  Zergling x6, Baneling x2  
  106  35:11  Zergling x2  
  106  35:14  Zergling x8, Overlord  
  109  35:15  Zergling x2  
  109  35:17  Zergling x2  
  109  35:18  Zergling x4  
  113  35:24  Zergling x4  
  113  35:25  Zergling x4  
  115  35:29  Lurker  
  115  35:30  Zergling x6  
  115  35:31  Zergling x12  
  115  35:33  Lurker  
  121  35:40  Zergling x4  
  121  35:41  Zergling x6  
  125  35:46  Zergling x4, Overlord  
  106  36:01  Hydralisk x2  
  106  36:03  Zergling x10  
  65  36:11  Zergling x2  
  65  36:14  Zergling x2  
  65  36:15  Zergling x16  
  65  36:16  Zergling x8  
  65  36:18  Hydralisk x2  
  75  36:43  Zergling x2  
Show
View Real Time Build Order
Export as new Build Order

LemonMoose Terran - Winner!

Build Orders: Reaper Expand 

Get SALT Encoding   

  12  0:00  SCV  
  13  0:12  SCV  
  14  0:17  Supply Depot  
  14  0:24  SCV  
  15  0:38  SCV  
  15  0:40  Barracks  
  16  0:43  Refinery  
  16  0:50  SCV  
  17  1:02  SCV  
  18  1:14  SCV  
  19  1:27  Reaper, Orbital Command  
  20  1:41  Command Center  
  20  1:54  SCV  
  21  1:57  Barracks  
  21  2:02  Barracks Reactor  
  21  2:06  SCV  
  22  2:10  Supply Depot  
  22  2:14  Refinery  
  22  2:27  Factory  
  22  2:31  SCV  
  23  2:42  Marine x2  
  26  2:44  SCV  
  26  2:51  Barracks Tech Lab  
  26  2:55  Orbital Command  
  26  3:00  SCV  
  27  3:10  Marine x3  
  27  3:12  Stimpack, SCV  
  31  3:19  Starport  
  31  3:22  SCV  
  31  3:25  Factory Reactor  
  32  3:29  SCV  
  32  3:32  Marine x3  
  36  3:42  SCV  
  36  3:43  SCV  
  37  3:51  Marine x2  
  37  3:52  Marine  
  37  3:54  SCV  
  37  3:55  SCV  
  42  3:58  Supply Depot  
  42  4:05  Medivac  
  42  4:06  Medivac  
  46  4:12  Supply Depot  
  46  4:19  Marine x3, SCV x2  
  46  4:20  Factory Tech Lab  
  46  4:23  Supply Depot  
  51  4:32  SCV x2  
  51  4:35  Command Center  
  53  4:44  Siege Tank, SCV x2  
  58  4:46  Marine x3  
  61  4:55  Supply Depot  
  61  4:56  SCV x2  
  61  4:57  Supply Depot  
  63  5:00  Starport Reactor, Combat Shield  
  63  5:08  SCV x2  
  63  5:12  Barracks  
  63  5:13  Barracks  
  65  5:15  Marine  
  65  5:16  Marine x2  
  65  5:20  SCV x2  
  70  5:24  Siege Tank  
  73  5:32  SCV x2  
  74  5:37  Marine x3  
  72  5:59  Marine x3  
  72  6:00  Marine  
  72  6:01  Medivac, Barracks Reactor  
  72  6:02  Orbital Command  
  77  6:06  Barracks  
  77  6:07  Barracks  
  77  6:08  Barracks, Supply Depot x2  
  77  6:12  Medivac  
  77  6:15  Refinery  
  77  6:16  SCV x2  
  81  6:18  Refinery  
  81  6:22  Orbital Command  
  81  6:23  Supply Depot  
  81  6:30  Marine x5  
  86  6:39  SCV x2  
  88  6:43  Supply Depot  
  88  6:45  Marine x2  
  90  6:47  Marine  
  90  6:48  Marine, Supply Depot  
  92  6:54  SCV x2  
  92  6:55  SCV  
  92  7:00  Siege Tank  
  98  7:01  Supply Depot  
  98  7:03  Barracks Reactor x2, Supply Depot  
  98  7:04  Barracks Reactor  
  98  7:08  SCV  
  99  7:12  Marine x5  
  104  7:18  SCV  
  104  7:20  Marine  
  104  7:21  Medivac  
  104  7:22  Medivac  
  110  7:27  Supply Depot  
  110  7:29  Supply Depot  
  110  7:30  SCV x3  
  110  7:33  Marine  
  110  7:34  Marine x2  
  110  7:35  Marine x3  
  119  7:38  Siege Tank  
  119  7:40  Marine  
  119  7:41  Marine x3  
  119  7:43  Marine x2  
  128  7:44  SCV  
  128  7:45  SCV  
  128  7:46  SCV  
  128  7:48  Marine  
  132  7:55  Medivac x2  
  132  7:56  Marine  
  132  7:57  Marine x5  
  142  7:59  Marine x4  
  142  8:03  Supply Depot  
  146  8:06  Supply Depot  
  146  8:11  Command Center  
  146  8:13  Marine x3  
  146  8:14  Marine  
  146  8:17  SCV x3  
  153  8:25  Marine  
  153  8:26  Marine x6  
  160  8:27  Siege Tank  
  160  8:29  Medivac  
  165  8:37  Marine  
  163  8:44  Marine x9  
  154  8:58  Marine  
  152  9:20  Marine  
  152  9:22  Marine x4  
  157  9:33  Liberator x2  
  157  9:35  Refinery  
  157  9:36  Refinery  
  163  9:42  Factory  
  163  9:43  Factory  
  162  9:51  Command Center  
  162  9:54  Refinery  
  162  9:55  Marine x10  
  162  9:58  Refinery  
  172  10:04  Engineering Bay x2, Orbital Command  
  172  10:05  Armory  
  172  10:09  SCV  
  172  10:10  SCV  
  172  10:11  Siege Tank, Command Center  
  177  10:16  Liberator x2  
  178  10:47  Siege Tank, Factory Tech Lab x2  
  180  10:51  Terran Infantry Weapons Level 1, Terran Infantry Armor Level 1  
  180  10:53  Terran Vehicle Weapons Level 1  
  179  11:00  Missile Turret x2  
  179  11:04  Missile Turret  
  179  11:09  Missile Turret  
  182  11:11  Siege Tank x2  
  185  11:22  Missile Turret  
  185  11:25  Planetary Fortress  
  185  11:33  Siege Tank  
  185  11:34  Command Center  
  188  11:44  Missile Turret  
  180  12:11  Command Center  
  180  12:13  Refinery  
  180  12:23  Engineering Bay  
  180  12:26  Siege Tank  
  180  12:27  Siege Tank  
  180  12:28  Siege Tank  
  189  12:30  Orbital Command  
  189  12:38  Marine x2  
  189  12:39  Marine x9  
  186  12:54  Planetary Fortress  
  189  12:58  Siege Tank  
  189  12:59  Siege Tank  
  189  13:00  Siege Tank  
  189  13:03  Missile Turret  
  189  13:04  Terran Infantry Armor Level 2, Terran Infantry Weapons Level 2, Terran Vehicle Weapons Level 2  
  195  13:12  Planetary Fortress  
  195  13:16  Command Center  
  195  13:17  Medivac, Liberator  
  200  13:38  Fusion Core  
  200  13:39  Planetary Fortress  
  200  13:40  Neosteel Armor  
  198  13:51  Command Center  
  162  14:19  Marine  
  162  14:20  Marine x8  
  162  14:21  Marine x2  
  162  14:22  Siege Tank x3  
  162  14:23  Liberator x2  
  180  14:28  Orbital Command  
  180  14:31  Command Center  
  173  14:41  Missile Turret x2  
  173  14:44  Missile Turret  
  171  14:45  Missile Turret  
  171  14:52  Advanced Ballistics  
  171  14:54  Missile Turret x2  
  171  15:05  Siege Tank x2  
  169  15:20  Hi-Sec Auto Tracking  
  168  15:24  Orbital Command  
  168  15:32  Missile Turret  
  168  15:43  Missile Turret  
  168  15:48  Siege Tank  
  171  15:54  Missile Turret  
  171  16:00  Command Center  
  171  16:01  Orbital Command  
  171  16:04  Caduceus Reactor  
  171  16:05  Missile Turret  
  171  16:09  Siege Tank  
  174  16:11  Siege Tank  
  174  16:12  Missile Turret  
  174  16:15  Missile Turret  
  177  16:26  Barracks Tech Lab  
  177  16:27  Ghost Academy  
  177  16:31  Barracks Tech Lab  
  177  16:33  Starport  
  177  16:41  Command Center  
  177  16:43  Missile Turret  
  177  16:44  Refinery  
  177  16:46  Refinery, Orbital Command  
  177  16:53  Siege Tank  
  180  17:15  Liberator x2  
  179  17:22  Command Center  
  177  17:23  Orbital Command  
  177  17:25  Ghost x3  
  177  17:26  Personal Cloaking  
  176  17:38  Command Center  
  176  17:41  Command Center  
  176  17:42  Siege Tank  
  179  17:52  Planetary Fortress  
  179  17:53  Ghost x2  
  179  17:54  Ghost  
  173  18:08  Planetary Fortress  
  167  18:15  Missile Turret  
  167  18:21  Siege Tank  
  167  18:23  Ghost  
  172  18:29  Refinery  
  172  18:32  Refinery  
  172  18:47  Ghost x2  
  176  18:51  Missile Turret  
  176  19:00  Medivac x4  
  176  19:01  Ghost  
  186  19:12  Missile Turret  
  186  19:15  Ghost x2  
  187  19:29  Ghost  
  183  19:54  Planetary Fortress  
  183  19:55  Orbital Command x2  
  183  20:04  Missile Turret  
  183  20:07  Command Center  
  183  20:18  Terran Infantry Armor Level 3, Terran Infantry Weapons Level 3  
  183  20:19  Terran Vehicle Weapons Level 3  
  183  20:37  Command Center  
  183  21:15  Missile Turret  
  180  21:31  Missile Turret  
  174  21:35  Ghost x2  
  173  22:00  Planetary Fortress  
  173  22:02  Missile Turret  
  173  22:08  Command Center  
  173  22:17  Missile Turret  
  173  22:18  Missile Turret  
  173  22:20  Missile Turret  
  173  22:24  Missile Turret  
  173  22:27  Missile Turret  
  173  22:49  Missile Turret  
  172  22:57  Terran Ship Weapons Level 1  
  170  23:10  Missile Turret  
  170  23:24  Missile Turret  
  170  23:41  Orbital Command  
  170  23:44  Command Center  
  159  24:50  Command Center  
  159  24:55  Siege Tank x2  
  159  24:58  Missile Turret  
  164  25:10  Refinery  
  164  25:23  Missile Turret  
  164  25:24  Missile Turret  
  164  25:28  Planetary Fortress  
  164  25:33  Refinery  
  164  26:04  Planetary Fortress  
  163  26:52  Ghost x3  
  161  27:31  Liberator x3  
  161  27:32  Ghost, Liberator  
  161  27:33  Ghost x2  
  179  28:01  Ghost  
  181  28:10  Missile Turret  
  181  28:11  Missile Turret  
  181  28:36  Missile Turret  
  181  28:58  Missile Turret  
  181  29:30  Missile Turret  
  181  29:31  Command Center  
  181  29:46  Command Center  
  181  29:50  Command Center  
  176  30:43  Ghost x3  
  176  30:47  Planetary Fortress  
  182  31:04  Planetary Fortress  
  182  31:12  Ghost  
  183  31:29  Ghost x2  
  170  31:40  Ghost  
  172  31:53  Orbital Command  
  169  32:02  Orbital Command  
  169  32:06  Missile Turret  
  167  32:09  Missile Turret  
  167  32:12  Orbital Command, Liberator x3  
  167  32:13  Liberator  
  176  32:31  Missile Turret  
  176  32:33  Missile Turret  
  176  32:51  Missile Turret  
  176  33:07  Refinery  
  153  33:37  Missile Turret  
  147  33:45  Orbital Command  
  147  33:50  Ghost x2  
  151  33:56  Missile Turret x2  
  151  33:57  Command Center  
  151  34:08  Missile Turret  
  151  34:23  Missile Turret  
  151  34:24  Siege Tank x2, Missile Turret  
  157  34:44  Missile Turret  
  143  35:11  Command Center  
  143  35:20  Siege Tank x2  
  143  35:21  Liberator x2  
  155  35:27  Orbital Command  
  155  35:32  Terran Ship Weapons Level 2  
  155  35:48  Missile Turret  
  155  35:49  Missile Turret  
  145  36:10  Orbital Command  
  145  36:26  Liberator  
  145  36:27  Liberator  
  145  36:28  Command Center  
  145  36:31  Command Center  
  151  36:34  Orbital Command  
  151  36:37  Command Center  
  151  36:42  Command Center  
  151  37:22  Orbital Command  
Tags
 
Composition
Lurkers
League
Diamond
Matchup
TvZ
Spawn Locations
Close Positions
Add a new tag
Caveats
  • Supply blocks, unpowered buildings, or Contaminate may cause inaccurate times.
  • Supply counts are checked every 10 seconds.